 Dungeon Crawl Stone Soup version 0.29.1-4-g47bece8355 (webtiles) character file.

Game seed: 14044659258021806962

92 Anriel the Shooter (level 4, 0/39 HPs)
             Began as a Deep Elf Hunter on Dec 6, 2022.
             Slain by Ijyb
             ... wielding a +0 dagger
              (3 damage)
             ... on level 3 of the Dungeon.
             The game lasted 00:16:30 (3092 turns).

Anriel the Shooter (Deep Elf Hunter)                Turns: 3092, Time: 00:16:30

Health: 0/39       AC:  3    Str:  8    XL:     4   Next: 35%
Magic:  6/6        EV: 13    Int: 14    God:
Gold:   76         SH:  0    Dex: 20    Spells: 3/3 levels left

rFire   . . .      SeeInvis .   a - +0 shortbow
rCold   . . .      Faith    .   (shield currently unavailable)
rNeg    . . .      Spirit   .   c - +0 leather armour
rPois   .          Reflect  .   (no helmet)
rElec   .          Harm     .   (no cloak)
rCorr   .          Rampage  .   (no gloves)
Will    +....                   (no boots)
Stlth   ..........              (no amulet)
HPRegen 0.13/turn               i - ring of willpower
MPRegen 0.10/turn               (no ring)

@: berserking, attractive, very quick
A: no striking features
a: no special abilities


You were on level 3 of the Dungeon.
You visited 1 branch of the dungeon, and saw 3 of its levels.

You collected 76 gold pieces.

Inventory:

Hand Weapons
 a - a +0 shortbow (weapon)
 g - a +0 dagger
 j - a +0 rapier
Armour
 c - a +0 leather armour (worn)
Jewellery
 i - a ring of willpower (left hand)
Potions
 d - 3 potions of flight
 f - a potion of attraction


   Skills:
 + Level 2.2 Fighting
 + Level 6.8 Ranged Weapons
 - Level 0.1 Armour
 * Level 3.0 Dodging
 - Level 2.0 Stealth


You had 3 spell levels left.
You didn't know any spells.
Your spell library was empty.

Dungeon Overview and Level Annotations

Branches:
Dungeon (3/15)

Altars:
Cheibriados
Dithmenos
Elyvilon
Makhleb
Nemelex Xobeh
Sif Muna
Yredelemnul

Annotations:
D:2 Terence
D:3 Ijyb


Message History

Moving in this stuff is going to be slow.
There is a broken door here.
Ijyb shouts!
You hear a shout! x2
You see here an adder skeleton.
Fire: a) +0 shortbow
Press: ? - help, Q - select action Shift-Dir - straight line, f - Ijyb
Aim: Ijyb, wielding a +0 dagger, wearing a +0 leather armour and carrying a wand of mindburst (10) (60% to hit)
You shoot an arrow. The arrow hits Ijyb but does no damage.
Fire: a) +0 shortbow
Press: ? - help, Q - select action Shift-Dir - straight line, f/p - Ijyb
Aim: Ijyb, wielding a +0 dagger, wearing a +0 leather armour and carrying a wand of mindburst (10) (60% to hit)
You shoot an arrow. The arrow closely misses Ijyb.
Ijyb zaps a wand.
Your mind is blasted!
Ijyb zaps a wand.
You resist with some effort.
Fire: a) +0 shortbow
Press: ? - help, Q - select action Shift-Dir - straight line, f/p - Ijyb
Aim: Ijyb, wielding a +0 dagger, wearing a +0 leather armour and carrying a wand of mindburst (8) (60% to hit)
You shoot an arrow. The arrow hits Ijyb but does no damage.
Fire: a) +0 shortbow
Press: ? - help, Q - select action Shift-Dir - straight line, f/p - Ijyb
Aim: Ijyb, wielding a +0 dagger, wearing a +0 leather armour and carrying a wand of mindburst (8) (60% to hit)
You shoot an arrow. The arrow closely misses Ijyb.
Fire: a) +0 shortbow
Press: ? - help, Q - select action Shift-Dir - straight line, f/p - Ijyb
Aim: Ijyb, wielding a +0 dagger, wearing a +0 leather armour and carrying a wand of mindburst (8) (60% to hit)
You shoot an arrow. The arrow barely misses Ijyb.
Ijyb closely misses you.
Ijyb zaps a wand.
Your mind is blasted!
Ouch! That really hurt!
You aren't carrying any scrolls.
You feel better.
Ijyb zaps a wand.
Your mind is blasted!
Ouch! That really hurt!
* * * LOW HITPOINT WARNING * * *
Ijyb zaps a wand.
You resist with some effort.
It was a potion of attraction.
You feel attractive to monsters.
It was a potion of berserk rage.
A red film seems to cover your vision as you go berserk!
You feel yourself moving faster!
You feel mighty! Ijyb hits you with a +0 dagger.
You die...

#..........
#.)........ #
#....)..... .#
###.......... ##.#
#............ ...#
#......######....#
#.÷##'##♣P~##....#
#.g#♣~~♣#♣♣~'....#
#.@#~♣♣~♣#♣~#.##.#
#..#~♣#♣~♣~♣# #
#..#♣#♣~~~♣#♣#
##.##♣~♣~♣#♣P#
#..#~♣#♣g♣♣~#
#..'~♣♣#♣~~##
##.##~~♣##'#
#.######..o.# ###
##....#


You could see Ijyb.

Vanquished Creatures
  A gnoll (D:3)
  3 adders
  2 dart slugs
  An orc (D:3)
  2 bats (D:2)
  2 endoplasms
  2 giant cockroaches (D:2)
  5 goblins
  4 hobgoblins
  6 jackals
  3 kobolds
  6 quokkas
  A ball python (D:2)
  3 frilled lizards
  6 rats
47 creatures vanquished.

Vanquished Creatures (others)
  2 plants (D:3)
2 creatures vanquished.

Grand Total: 49 creatures vanquished

Notes
Turn   | Place    | Note
-------+----------+-------------------------------------------
     0 | D:1      | Anriel the Deep Elf Hunter began the quest for the Orb.
     0 | D:1      | Reached XP level 1. HP: 12/12 MP: 3/3
   201 | D:1      | Reached XP level 2. HP: 17/17 MP: 4/4
   630 | D:1      | Found a faded altar of an unknown god.
   911 | D:2      | Reached skill level 6 in Ranged Weapons
   913 | D:2      | Reached XP level 3. HP: 8/21 MP: 5/5
  1091 | D:2      | Noticed Terence
  1680 | D:2      | Found a shadowy altar of Dithmenos.
  2588 | D:3      | Found a white marble altar of Elyvilon.
  2595 | D:3      | Found a basalt altar of Yredelemnul.
  2602 | D:3      | Found a snail-covered altar of Cheibriados.
  2604 | D:3      | Found a shimmering blue altar of Sif Muna.
  2606 | D:3      | Found a burning altar of Makhleb.
  2610 | D:3      | Found a sparkling altar of Nemelex Xobeh.
  2636 | D:3      | Reached XP level 4. HP: 26/26 MP: 6/6
  2981 | D:3      | Noticed Ijyb
  3092 | D:3      | Slain by Ijyb

Illustrated notes

Levels and vault maps discovered:
D:1:      dpeg_arrival_rhombus, layout_basic, chequers_ecumenical_altar_lobes
D:2:      layout_loops_ring, basic_altar, uniq_terence
D:3:      lemuel_castle_with_subvaults [lemuel_castle_interior_original],
          layout_basic, nicolae_overflow_hallway_of_the_gods,
          saegor_snake_ambush, uniq_ijyb

Skill      XL: |  1  2  3  4 |
---------------+-------------+-----
Fighting       | 2 |  2.2
Ranged Weapons | 6 |  6.8
Stealth        | 2 |  2.0
Dodging        | 3 |  3.0
Armour         | |  0.1

Action                   |  1- 3 |  4- 6 || total
-------------------------+-------+-------++-------
Melee: Dagger            |     1 |     2 ||     3
 Fire: Shortbow          |   113 |    24 ||   137
  Use: Scroll            |     5 |     2 ||     7
       Potion            |       |     3 ||     3
Armor: Leather armour    |     8 |     5 ||    13
Dodge: Dodged            |    38 |     7 ||    45
